 Dungeon Crawl Stone Soup version 0.30-a0-862-g1aabd4f9c5 (webtiles) character file.

Game seed: 15844800411878180511

2681 Esekla the Covert (level 9, -1/61 HPs)
             Began as an Octopode Delver on Mar 6, 2023.
             Was an Initiate of Gozag.
             Slain by Menkaure (14 damage)
             ... on level 7 of the Dungeon on Mar 8, 2023.
             The game lasted 00:47:42 (8596 turns).

Esekla the Covert (Octopode Delver)                 Turns: 8596, Time: 00:47:42

Health: -1/61      AC: 14    Str: 17    XL:     9   Next: 64%
Magic:  22/24      EV: 25    Int: 16    God:    Gozag
Gold:   809        SH:  0    Dex: 14    Spells: 13/16 levels left

rFire   . . .      SeeInvis +    a - +4 falchion (protect)
rCold   . . .      Faith    .    (no shield)
rNeg    . . .      Spirit   .    (helmet restricted)
rPois   +          Reflect  .    (no amulet)
rElec   .          Rampage  .    d - ring of willpower
rCorr   .                        w - +6 ring of strength
Will    ++...                    y - +5 ring of evasion
Stlth   +++++                    A - ring of Satisfaction {rPois Will+ EV+5 SInv}
HPRegen 0.30/turn                C - ring of magical power
MPRegen 0.19/turn                (no ring)
                                 (no ring)
                                 (no ring)

@: ice-armoured, gold aura, under a protective aura
A: almost no armour, amphibious, 8 rings, camouflage 1, gelatinous body 1,
(nimble swimmer 1), tentacles
a: Renounce Religion, Potion Petition, Call Merchant, Bribe Branch


You were on level 7 of the Dungeon.
You worshipped Gozag.
Gozag was pleased with you.
You visited 2 branches of the dungeon, and saw 8 of its levels.
You also visited: Sewer.

You collected 1423 gold pieces.
You spent 192 gold pieces at shops.
You paid 422 gold pieces to Gozag.

Inventory:

Hand Weapons
 a - a +4 falchion of protection (weapon)
 r - a +0 trident
 s - a +0 dagger
Missiles
 i - 23 poisoned darts
 x - a throwing net
 H - 6 boomerangs (quivered)
Jewellery
 d - a ring of willpower (left tentacle)
 w - a +6 ring of strength (right tentacle)
 y - a +5 ring of evasion (on tentacle)
 A - the ring of Satisfaction (on tentacle) {rPois Will+ EV+5 SInv}
   (You found it on level 5 of the Dungeon)

   [ring of evasion]

   EV:        It affects your evasion (+5).
   rPois:     It protects you from poison.
   SInv:      It lets you see invisible.
   Will:      It increases your willpower.
 C - a ring of magical power (on tentacle)
Wands
 f - a wand of digging (3)
 G - a wand of quicksilver (8)
 J - a wand of iceblast (2)
Scrolls
 b - 2 scrolls of fog
 h - 2 scrolls of enchant weapon {unknown}
 m - a scroll of acquirement {unknown}
 n - 2 scrolls of brand weapon {unknown}
 o - 4 scrolls of poison {unknown}
 q - 7 scrolls of identify
 v - 4 scrolls of teleportation {unknown}
 z - a scroll of immolation {unknown}
 B - a scroll of enchant armour {unknown}
 D - 4 scrolls of fear
 E - a scroll of noise {unknown}
 I - a scroll of blinking {unknown}
Potions
 c - 2 potions of berserk rage {unknown}
 e - 4 potions of haste
 g - 2 potions of invisibility {unknown}
 j - 5 potions of brilliance
 k - 7 potions of heal wounds {unknown}
 l - 3 potions of resistance {unknown}
 p - a potion of flight {unknown}
 t - 5 potions of curing
 u - 6 potions of lignification {unknown}
 F - a potion of might {unknown}


   Skills:
 * Level 5.6 Fighting
 + Level 0.7(4.6) Short Blades
 * Level 7.3 Long Blades
 + Level 2.0 Throwing
 * Level 4.7 Dodging
 + Level 10.2 Stealth
 * Level 4.1 Spellcasting
 * Level 3.3 Ice Magic


You had 13 spell levels left.
You knew the following spells:

 Your Spells              Type           Power      Damage    Failure   Level
a - Ozocubu's Armour      Ice            14%        N/A       13%         3

Your spell library contained the following spells:

 Spells                   Type           Power      Damage    Failure   Level
 Ensorcelled Hibernation  Hex/Ice        16%        N/A       13%         2
 Hailstorm                Conj/Ice       8%         3d4       26%         3
 Spider Form              Tmut/Pois      3%         N/A       45%         3
 Ice Form                 Ice/Tmut       8%         N/A       63%         4
 Anguish                  Hex/Necr       1%         N/A       86%         4
 Ozocubu's Refrigeration  Ice            7%         4d9       100%        7
 Simulacrum               Ice/Necr       Unusable   N/A       N/A         6

Dungeon Overview and Level Annotations

Branches:
Dungeon (7/15)             Temple (1/1) D:5           Sewer (visited)

Altars:
Elyvilon
Gozag
Makhleb
Nemelex Xobeh
Okawaru
Qazlal
Ru
Sif Muna
Trog
Vehumet
Xom
Yredelemnul
Zin
The Shining One

Shops:
D:5 (   D:7 !

Annotations:
D:5 moth of wrath
D:7 Menkaure


Innate Abilities, Weirdness & Mutations

You cannot wear most types of armour.
You are amphibious.
You can wear up to eight rings at the same time.
Your skin changes colour to match your surroundings (Stealth+).
Your rubbery body absorbs attacks. (AC +1, EV +1)
((You are camouflaged when in or above water. (Stealth+)))
You have tentacles for arms and can constrict up to eight enemies at once.


Message History

The puff of frost misses you.
Menkaure shouts, "The sands of time shall wipe you from history!"
Menkaure calls on the powers of darkness!
Your body is wracked with pain!
A jelly comes into view.
Casting: Ozocubu's Armour (dangerous; 13% risk of failure)
Confirm with . or Enter, or press ? or * to list all spells.
A film of ice covers your body! The white imp gestures at you.
The puff of frost hits you.
You slash the white imp!
Your weapon exudes an aura of protection.
You grab the white imp.
The white imp is almost dead.
You constrict the white imp.
You kill the white imp!
Menkaure calls on the powers of darkness!
The jelly convulses!
Your body is wracked with pain!
* * * LOW HITPOINT WARNING * * *
Okay, then.
Unknown command.
Okay, then.
As you read the scroll labelled KENULO GUANYKA, it crumbles to dust.
It is a scroll of identify.
t - 5 potions of curing
As you read the scroll of identify, it crumbles to dust.
j - 5 potions of brilliance You slash Menkaure!
Your grab misses Menkaure.
Menkaure is heavily damaged.
Menkaure mumbles some strange words.
Menkaure seems to speed up.
You hit the jelly.
Your tentacles burn!
* * * LOW HITPOINT WARNING * * *
The jelly is almost dead.
The jelly completely misses you. Menkaure closely misses you.
You slash the jelly!
You kill the jelly!
Menkaure hits you!
You die...
Your body crumbles into a pile of gold.

## #......... .#
#......... ..#
############ #.........
..# ..........∩#
#......... ..##
.#.#.#.#...# #.........
...##. ....$......#
#......... .....
.....⌠.....# ##.........
...#
.._........###..........
..#
.....⌠M@...#............
..#
......$.......#.........
..#
.#.#.#.#.....##....>....
.#
...........###.........
.# ### ##.........#
#......... ## #..####
###......## #........# #
......# ##...###
########## # .......
#...## ....... ...#


You could see Menkaure (fast).

Vanquished Creatures
  Grinder (D:4)
  A steam dragon (D:6)
  A water moccasin (D:7)
  Duvessa (D:6)
  2 ice beasts
  An orc warrior (D:6)
  3 black bears
  An ogre (D:6)
  A centaur (D:7)
  2 kobold brigands
  A phantom (D:5)
  4 bullfrogs
  A scorpion (D:7)
  Dowan (D:6)
  A howler monkey (D:5)
  2 hounds
  A gnoll bouda (D:3)
  3 jellies
  3 sleepcaps
  2 orc priests
  An iguana (D:4)
  4 orc wizards
  8 gnolls (D:4)
  5 river rats
  12 adders
  2 shadow imps
  2 white imps
  2 ufetubi
  6 worms
  4 dart slugs
  15 orcs
  5 bats
  5 endoplasms
  6 giant cockroaches
  7 goblins
  7 hobgoblins
  2 jackals (Sewer)
  17 kobolds
  4 quokkas
  13 ball pythons
  4 frilled lizards
  10 rats
174 creatures vanquished.

Vanquished Creatures (others)
  A worm (D:3)
  25 plants
26 creatures vanquished.

Grand Total: 200 creatures vanquished

Notes
Turn   | Place    | Note
-------+----------+-------------------------------------------
     0 | D:5      | Esekla the Octopode Delver began the quest for the Orb.
     0 | D:5      | Reached XP level 1. HP: 16/16 MP: 1/1
     1 | D:5      | Noticed a jelly
    52 | D:5      | Noticed a moth of wrath
    63 | D:5      | Noticed a hound
    71 | D:5      | Killed a hound
    72 | D:5      | Reached skill level 7 in Stealth
    72 | D:5      | Reached XP level 2. HP: 15/21 MP: 2/2
    72 | D:5      | Reached XP level 3. HP: 19/26 MP: 3/3
   116 | D:5      | Found a staircase to the Ecumenical Temple.
   140 | Temple   | Entered the Ecumenical Temple
   148 | Temple   | Became a worshipper of Gozag Ym Sagoz the Greedy
   292 | D:4      | Noticed Grinder
   499 | D:4      | Reached XP level 4. HP: 22/31 MP: 5/5
   503 | D:4      | Found a glowing drain.
   543 | Sewer    | Entered a sewer
   633 | Sewer    | Reached skill level 1 in Spellcasting
   738 | Sewer    | Noticed a kobold brigand
   763 | Sewer    | Killed a kobold brigand
   764 | Sewer    | Reached skill level 8 in Stealth
   764 | Sewer    | Reached XP level 5. HP: 23/36 MP: 6/6
  1484 | D:3      | Reached XP level 6. HP: 43/43 MP: 8/8
  1626 | D:3      | Learned a level 3 spell: Ozocubu's Armour
  1726 | D:3      | Found a radiant altar of Vehumet.
  1879 | D:2      | Identified the +2 scale mail of Baldness {Str+3}
  3674 | D:3      | Reached XP level 7. HP: 48/48 MP: 9/9
  3853 | D:4      | Reached skill level 9 in Stealth
  3853 | D:4      | Reached skill level 1 in Ice Magic
  4127 | D:4      | Killed Grinder
  4382 | D:5      | Identified the ring of Satisfaction {rPois Will+ EV+5 SInv}
  4417 | D:5      | Reached skill level 1 in Throwing
  4493 | D:5      | Reached XP level 8. HP: 54/54 MP: 11/11
  4671 | D:5      | Found a bloodstained altar of Trog.
  5985 | D:5      | Bought a runed falchion for 192 gold pieces
  5996 | D:6      | Found an iron altar of Okawaru.
  6001 | D:5      | Upgraded the game from 0.30-a0-859-gf88a04b62d to
                  | 0.30-a0-862-g1aabd4f9c5
  6040 | D:6      | Noticed Duvessa
  6044 | D:6      | Found a basalt altar of Yredelemnul.
  6061 | D:6      | Noticed Dowan
  6546 | D:5      | Reached skill level 5 in Long Blades
  7051 | D:6      | Found a large runed translucent door.
  7051 | D:6      | Found a large runed translucent door.
  7069 | D:6      | Found a shimmering blue altar of Sif Muna.
  7080 | D:6      | Found a burning altar of Makhleb.
  7258 | D:6      | Reached XP level 9. HP: 60/60 MP: 13/13
  7332 | D:6      | Reached skill level 5 in Fighting
  7376 | D:6      | Reached skill level 10 in Stealth
  8047 | D:6      | Killed Duvessa
  8070 | D:6      | Killed Dowan
  8585 | D:7      | Found Jistukh's Distillery.
  8587 | D:7      | Found a white marble altar of Elyvilon.
  8587 | D:7      | Noticed Menkaure
  8596 | D:7      | Slain by Menkaure

Illustrated notes

Levels and vault maps discovered:
D:1:      matt_arrival_grand_opening, layout_rooms
D:2:      layout_basic, serial_bayou_pond_b
D:3:      minmay_recursive_quarters, layout_loops_cross, fiery_altar_vehumet
D:4:      layout_loops_corners, gup_sewer_entry_bubbles, nicolae_grassy_gnolls,
          uniq_grinder
D:5:      layout_basic, tgw_trog, minmay_temple_entry_statues_fountains,
          nicolae_fountain_basement
D:6:      layout_loops_cross, mainiacjoe_overflow_catwalk,
          mainiacjoe_overflow_paths, jmf_multi_god_temple2, uniq_duvessa
D:7:      layout_cave_pods, mainiacjoe_overflow_24_doors, elyvilon_altar_5,
          serial_shops, shop, nicolae_figureground_pulse, uniq_menkaure
Temple:   eino_temple_lava

Skill      XL: |  1  2  3  4  5  6  7  8  9 |
---------------+----------------------------+-----
Stealth        | 7 8 9 10 | 10.2
Spellcasting   | 1 2 3 4 |  4.1
Long Blades    | 3 4 6 7 |  7.3
Dodging        | 3 4 |  4.7
Fighting       | 4 5 |  5.6
Ice Magic      | 1 2 3 |  3.3
Throwing       | 1 2 |  2.0
Short Blades   | |  0.7

Action                     |  1- 3 |  4- 6 |  7- 9 || total
---------------------------+-------+-------+-------++-------
  Melee: Falchion          |    17 |   124 |   138 ||   279
         Tentacles         |     6 |    40 |    50 ||    96
         Constrict         |     7 |    40 |    37 ||    84
         Dagger            |       |    60 |    16 ||    76
         Punch             |       |     2 |     7 ||     9
         Long sword        |       |       |    12 ||    12
  Throw: Dart              |       |     9 |    35 ||    44
         Boomerang         |       |       |     4 ||     4
   Cast: Ozocubu's Armour  |       |       |    17 ||    17
 Invoke: Call Merchant     |       |       |     1 ||     1
    Use: Scroll            |     1 |     1 |     2 ||     4
   Stab: Sleeping          |     3 |    35 |    10 ||    48
         Distracted        |       |     2 |     2 ||     4
 Armour: Skin              |     1 |     3 |    15 ||    19
  Dodge: Dodged            |    11 |    86 |   148 ||   245

Table legend: (Time is in decaauts)
 A = Elapsed time spent in this place.
 B = Non-inter-level travel time spent in this place.
 C = Inter-level travel time spent in this place.
 D = Time resting spent in this place.
 E = Time spent auto-exploring this place.
 F = Levels seen in this place.
 G = Mean time per level.
                   A        B        C        D        E       F      G
               +--------+--------+--------+--------+--------+-----+--------+
         Total |   8586 |   8398 |    188 |   2159 |   1527 |   9 |  954.0 |
       Dungeon |   7804 |   7624 |    180 |   1972 |   1423 |   7 | 1114.9 |
        Temple |     16 |      8 |      8 |      0 |      0 |   1 |   16.0 |
         Sewer |    765 |    765 |      0 |    187 |    104 |   1 |  765.0 |
               +--------+--------+--------+--------+--------+-----+--------+

Top non-repeatable levels by time:
     D:5: 2232 daAuts
     D:4: 1606 daAuts
     D:6: 1387 daAuts
     D:3: 922 daAuts
   Sewer: 765 daAuts
     D:7: 650 daAuts
     D:2: 508 daAuts
     D:1: 497 daAuts
  Temple: 16 daAuts
